 Dungeon Crawl Stone Soup version 0.13.1-2-gfb2c2b7 (webtiles) character file.

467 Atarun the Skirmisher (level 6, -5/97 HPs)
             Began as a Troll Berserker on Dec 2, 2013.
             Was a Priest of Trog.
             Slain by an iguana (12 damage)
             ... on Level 4 of the Dungeon.
             The game lasted 00:11:52 (2397 turns).

Atarun the Skirmisher (Troll Berserker)             Turns: 2397, Time: 00:11:52

HP  -5/97        AC  5     Str 31      XL: 6   Next: 20%
MP   2/2         EV 10     Int  4      God: Trog [***...]
Gold 150         SH  0     Dex 11      Spells:  0 memorised,  5 levels left

Res.Fire  : . . .   See Invis. : .     - Unarmed
Res.Cold  : . . .   Warding    : .   q - +0 robe
Life Prot.: . . .   Conserve   : .   (shield restricted)
Res.Poison: .       Res.Corr.  : .   (helmet restricted)
Res.Elec. : .       Clarity    : .   (no cloak)
Sust.Abil.: . .     Spirit.Shd : .   (gloves unavailable)
Res.Mut.  : .       Stasis     : .   (boots unavailable)
Res.Rott. : .       Flight     : .   o - amulet of inaccuracy
Gourmand  : +                        m - +1 ring of intelligence
                                     e - cursed ring of sustenance

@: berserking (expiring), mildly poisoned, very quick, slightly resistant to
hostile enchantments, extremely unstealthy
A: unfitting armour, claws 3, fast metabolism 3, gourmand, regeneration 2,
saprovore 2, tough skin 2, AC +1
a: Burn Spellbooks, Berserk, Trog's Hand, Renounce Religion


You were on level 4 of the Dungeon.
You worshipped Trog.
Trog was most pleased with you.
You were not hungry.

You visited 1 branch of the dungeon, and saw 4 of its levels.

You collected 130 gold pieces.

Inventory:

Armour
 k - a +0 robe
 q - a +0 robe (worn)
Comestibles
 a - 2 meat rations
 d - a rambutan
 f - 2 apples
 g - 5 bread rations
 n - a chunk of rat flesh
 r - 2 chunks of orc flesh
 s - 4 chunks of orc flesh
Scrolls
 b - a scroll of enchant weapon I
 h - 2 scrolls of enchant weapon II
 j - 2 scrolls of identify
 l - 3 scrolls of teleportation
Jewellery
 e - a cursed ring of sustenance (left claw)
 m - a +1 ring of intelligence (right claw)
 o - an amulet of inaccuracy (around neck)
Potions
 c - 2 potions of might
 i - a potion of speed
 u - a potion of curing


   Skills:
 * Level 5.8 Fighting
 - Level 2.7 Dodging
 - Level 3.1 Unarmed Combat


You had 5 spell levels left.
You didn't know any spells.

Dungeon Overview and Level Annotations

Branches:
Dungeon (4/27)
 Temple: D:4-7

Altars:
Vehumet
the Shining One


Innate Abilities, Weirdness & Mutations

You are too large for most types of armour.
You have claws for hands.
Your metabolism is lightning-fast.
You like to eat raw meat.
You heal very quickly.
You can eat rotten meat.
You are covered in fur (AC +1).
You have very tough skin (AC +2).


Message History

You barely miss the worker ant.
The worker ant is almost dead.
* * * LOW HITPOINT WARNING * * *
You feel sick. The worker ant bites you.
* * * LOW HITPOINT WARNING * * *
You hit the worker ant.
You kill the worker ant!
Trog accepts your kill.
You closely miss the iguana.
The iguana bites you but does no damage.
You claw the iguana!
The iguana begins to bleed from its wounds!
The iguana is severely wounded.
* * * LOW HITPOINT WARNING * * *
You feel sick.
You barely miss the iguana.
The iguana is severely wounded.
* * * LOW HITPOINT WARNING * * *
You feel sick. The iguana bites you!
You die...

##..#
....#
#...#
#...#
#...#
#...# #
#<..#
#.##..#
#..@..#
####l##
#.# #.#
#.# #.#
#.# #.#
#..


You could see an iguana (bleeding).

Vanquished Creatures
  A sky beast (D:3)
  An orc priest (D:3)
  2 worker ants (D:4)
  Jessica (D:2)
  6 adders
  A worm (D:2)
  2 giant geckos (D:3)
  4 orcs (D:3)
  A ball python (D:3)
  5 bats
  A giant cockroach (D:2)
  4 goblins
  8 hobgoblins
  5 jackals
  3 quokkas
  3 giant newts
  8 kobolds
  13 rats
69 creatures vanquished.

Notes
Turn   | Place    | Note
--------------------------------------------------------------
     0 | D:1      | Atarun, the Troll Berserker, began the quest for the Orb.
     0 | D:1      | Reached XP level 1. HP: 23/23 MP: 0/0
   202 | D:1      | Reached XP level 2. HP: 29/31 MP: 0/0
   478 | D:1      | Found a glowing golden altar of the Shining One.
   696 | D:2      | Noticed Jessica
   701 | D:2      | Killed Jessica
   701 | D:2      | Reached XP level 3. HP: 39/39 MP: 1/1
   961 | D:2      | Acquired Trog's second power
  1001 | D:2      | Reached skill level 4 in Fighting
  1001 | D:2      | Reached XP level 4. HP: 48/48 MP: 1/1
  1875 | D:3      | Found a radiant altar of Vehumet.
  2006 | D:3      | Noticed a sky beast
  2019 | D:3      | Killed a sky beast
  2019 | D:3      | Reached skill level 5 in Fighting
  2019 | D:3      | Reached XP level 5. HP: 19/55 MP: 1/1
  2374 | D:4      | Reached XP level 6. HP: 52/65 MP: 2/2
  2397 | D:4      | Slain by an iguana

Action                   |  1- 3 |  4- 6 || total
-------------------------+-------+-------++-------
Melee: Unarmed           |    84 |   164 ||   248
Invok: Berserk           |     1 |     2 ||     3
  Use: Scroll            |     9 |     1 ||    10
       Potion            |     3 |     4 ||     7
